 Dungeon Crawl Stone Soup version 0.22.0-27-ga576289601 (webtiles) character file.

3062 Rrauwl the Cleaver (level 9, -1/74 HPs)
             Began as a Hill Orc Fighter on Aug 22, 2018.
             Was an Elder of Okawaru.
             Slain by Harold
             ... wielding a +0 trident of freezing
              (10 damage)
             ... on level 8 of the Dungeon.
             The game lasted 00:12:46 (6807 turns).

Rrauwl the Cleaver (Hill Orc Fighter)               Turns: 6807, Time: 00:12:47

Health: -1/74      AC:  7    Str: 27    XL:     9   Next: 88%
Magic:  14/14      EV: 12    Int:  8    God:    Okawaru [****..]
Gold:   139        SH: 12    Dex: 10    Spells: 8/8 levels left

rFire    . . .     SeeInvis .   a - +2 broad axe (freeze)
rCold    . . .     Gourm    .   c - +0 shield
rNeg     . . .     Faith    .   b - +0 scale mail
rPois    .         Spirit   .   (no helmet)
rElec    .         Reflect  .   F - +0 cloak
rCorr    .         Harm     .   g - +0 pair of gloves
MR       +....                  (no boots)
Stlth    +.........             (no amulet)
HPRegen  0.22/turn              A - +5 ring of strength
MPRegen  0.14/turn              z - ring of protection from magic

@: heroism, corroded, drained
A: no striking features
a: Heroism, Renounce Religion


You were on level 8 of the Dungeon.
You worshipped Okawaru.
Okawaru was greatly pleased with you.
You were hungry.

You visited 1 branch of the dungeon, and saw 8 of its levels.

You collected 407 gold pieces.
You spent 268 gold pieces at shops.

Inventory:

Hand Weapons
 a - a +2 broad axe of freezing (weapon)
Armour
 b - a +0 scale mail (worn)
 c - a +0 shield (worn)
 g - a +0 pair of gloves (worn)
 F - a +0 cloak (worn)
Jewellery
 r - an uncursed ring of resist corrosion
 z - a ring of protection from magic (right hand)
 A - a +5 ring of strength (left hand)
 L - an uncursed ring of magical power
Wands
 D - a wand of iceblast (3)
 H - a wand of digging (13)
 I - a wand of random effects (53)
 J - a wand of polymorph (13)
 K - a wand of flame (24)
Scrolls
 f - 3 scrolls of amnesia {unknown}
 h - 8 scrolls of identify {unknown}
 i - 2 scrolls of remove curse {unknown}
 j - 3 scrolls of fear {unknown}
 k - 6 scrolls of teleportation {unknown}
 o - 3 scrolls of noise {unknown}
 q - a scroll of magic mapping {unknown}
 w - a scroll of enchant armour {unknown}
 y - a scroll of fog {unknown}
 B - a scroll of random uselessness {unknown}
 C - 2 scrolls of enchant weapon {unknown}
 G - a scroll of immolation {unknown}
Potions
 d - a potion of might
 l - 2 potions of mutation {unknown}
 m - 3 potions of brilliance {unknown}
 n - 2 potions of resistance {unknown}
 p - a potion of magic {unknown}
 s - 2 potions of heal wounds {unknown}
 t - 5 potions of curing {unknown}
 u - a potion of agility {unknown}
 v - a potion of lignification {unknown}
 x - 4 potions of cancellation {unknown}
 E - a potion of haste {unknown}
Comestibles
 e - 13 rations


   Skills:
 - Level 5.4(9.7) Fighting
 + Level 11.8(16.0) Axes
 - Level 5.3(9.6) Armour
 - Level 3.0(7.3) Dodging
 - Level 1.0(5.3) Stealth
 - Level 5.3(9.6) Shields
 + Level 7.6(6.9) Invocations
 - Level 1.1(0.5) Evocations


You had 8 spell levels left.
You didn't know any spells.
Your spell library contained the following spells:

 Spells                   Type           Power        Failure   Level  Hunger
 Sandblast                Erth           #.....       86%         1    ##.....
 Passwall                 Tmut/Erth      #.......     95%         2    ###....
 Stone Arrow              Conj/Erth      #.....       99%         3    ####...
 Petrify                  Tmut/Erth      #.......     100%        4    #####..
 Lee's Rapid Deconstruct  Erth           #.........   100%        5    ######.


Dungeon Overview and Level Annotations

Branches:
Dungeon (8/15)             Temple (0/1) D:4
   Lair: D:8-11

Altars:
Cheibriados
Okawaru

Shops:
D:5 (

Annotations:
D:7 1 runed door
D:8 Harold


Message History

You hit the wight. The wight completely misses you.
Harold hits you with a trident of freezing!
* * * LOW HITPOINT WARNING * * *
Harold freezes you!
* * * LOW HITPOINT WARNING * * *
Evoke which item? (* to show all) (? for menu, Esc to quit)
Aiming: Iceblast
Press: ? - help, Shift-Dir - straight line The mass of ice explodes!
The iceblast engulfs Harold.
Harold is severely wounded.
Harold casts a spell at you.
You barely resist. The wight barely misses you.
Unknown command.
Evoke which item? (* to show all) (? for menu, Esc to quit)
Aiming: Iceblast
Press: ? - help, Shift-Dir - straight line The mass of ice explodes!
The iceblast engulfs Harold.
Harold is almost dead.
Harold hits you with a trident of freezing!
You die...

.# .# .#
.#######################
......... ..>..........
.######.# #...........
.######.# #...........
#.......# #..)@.....).
######..######.z@##
#.........(..#
#............#
######............#
#....#..######.####
##..........)..#
+..#.##........#
#..............#
##.#.#..#......#


You could see Harold and a wight.

Vanquished Creatures
  2 wizards (D:8)
  A wyvern (D:8)
  Duvessa (D:5)
  4 ogres
  4 centaurs
  Dowan (D:5)
  A scorpion (D:5)
  3 howler monkeys
  A vampire bat (D:3)
  4 wights (D:8)
  2 crimson imps
  A bullfrog zombie (D:6)
  6 hounds
  A jelly (D:8)
  A gnoll shaman (D:5)
  An iguana (D:4)
  5 worker ants
  2 hound zombies
  8 adders
  8 gnolls
  3 adder skeletons
  A worm (D:3)
  2 dart slugs
  3 leopard geckos
  11 orcs
  5 giant cockroaches
  6 goblins
  6 hobgoblins
  8 jackals
  9 bats
  2 frilled lizards
  A jackal zombie (D:5)
  6 kobolds
  A quokka skeleton (D:4)
  3 rats (D:1)
124 creatures vanquished.

Notes
Turn   | Place    | Note
-------+----------+-------------------------------------------
     0 | D:1      | Rrauwl the Hill Orc Fighter began the quest for the Orb.
     0 | D:1      | Reached XP level 1. HP: 19/19 MP: 1/1
    96 | D:1      | Reached XP level 2. HP: 23/27 MP: 2/2
   286 | D:1      | Reached skill level 3 in Axes
   629 | D:2      | You fall through a shaft!
   650 | D:3      | Reached XP level 3. HP: 16/33 MP: 3/3
   657 | D:3      | Reached skill level 1 in Dodging
   876 | D:3      | Found an iron altar of Okawaru.
   884 | D:3      | Became a worshipper of Warmaster Okawaru
  1148 | D:3      | Reached skill level 1 in Invocations
  1148 | D:3      | Reached XP level 4. HP: 36/40 MP: 4/4
  1576 | D:4      | Reached XP level 5. HP: 43/46 MP: 5/5
  1618 | D:4      | Reached skill level 4 in Axes
  1653 | D:4      | Reached * piety under Okawaru
  2070 | D:4      | Reached XP level 6. HP: 39/52 MP: 7/7
  2238 | D:4      | Found a staircase to the Ecumenical Temple.
  2491 | D:5      | Entered Level 5 of the Dungeon
  2551 | D:5      | Reached skill level 5 in Axes
  2633 | D:5      | Reached skill level 6 in Axes
  2812 | D:5      | Noticed Dowan
  2814 | D:5      | Noticed Duvessa
  2920 | D:5      | Reached XP level 7. HP: 3/59 MP: 9/9
  3287 | D:5      | Killed Duvessa
  3287 | D:5      | Reached ** piety under Okawaru
  3287 | D:5      | Reached skill level 7 in Axes
  3311 | D:5      | Killed Dowan
  3311 | D:5      | Reached skill level 8 in Axes
  3335 | D:5      | Reached XP level 8. HP: 59/66 MP: 11/11
  3694 | D:5      | Reached skill level 9 in Axes
  3807 | D:5      | Found Koppuest's Weapon Emporium.
  4253 | D:6      | Found a snail-covered altar of Cheibriados.
  4317 | D:6      | Reached skill level 10 in Axes
  4317 | D:6      | Reached skill level 1 in Stealth
  5105 | D:7      | Reached *** piety under Okawaru
  5105 | D:7      | Reached skill level 1 in Evocations
  5200 | D:7      | Found a runed door.
  5200 | D:7      | Noticed a sixfirhy
  5916 | D:5      | Bought a +2 broad axe of freezing for 268 gold pieces
  6029 | D:8      | Reached skill level 5 in Invocations
  6067 | D:8      | Reached XP level 9. HP: 60/72 MP: 12/12
  6300 | D:8      | Noticed a wizard
  6309 | D:8      | Killed a wizard
  6309 | D:8      | Reached skill level 5 in Fighting
  6309 | D:8      | Reached skill level 11 in Axes
  6309 | D:8      | Reached skill level 5 in Armour
  6309 | D:8      | Reached skill level 5 in Shields
  6345 | D:8      | Noticed a wizard
  6350 | D:8      | Killed a wizard
  6350 | D:8      | Reached **** piety under Okawaru
  6789 | D:8      | Noticed Harold
  6807 | D:8      | Slain by Harold

Skill      XL: |  1  2  3  4  5  6  7  8  9 |
---------------+----------------------------+-----
Axes           | 3 4 6 8 10 11 | 11.8
Dodging        | 1 2 3 |  3.0
Fighting       | 4 5 |  5.4
Shields        | 4 5 |  5.3
Invocations    | 1 2 3 4 5 7 |  7.6
Armour         | 4 5 |  5.3
Stealth        | 1 |  1.0
Evocations     | 1 |  1.1

Action                   |  1- 3 |  4- 6 |  7- 9 || total
-------------------------+-------+-------+-------++-------
Melee: War axe           |   136 |   109 |   193 ||   438
       Broad axe         |       |       |    58 ||    58
Invok: Heroism           |       |       |     1 ||     1
Evoke: Wand              |       |     1 |    11 ||    12
  Eat: Chunk             |     1 |     5 |     9 ||    15
       Ration            |       |       |     1 ||     1
Armor: Scale mail        |    94 |    40 |    75 ||   209
Dodge: Dodged            |    49 |    41 |    86 ||   176
Block: Shield            |    93 |    59 |   135 ||   287
